 Dungeon Crawl Stone Soup version 0.29.1-13-g9f3cf754e1 (webtiles) character file.

Game seed: 7881864058479370621

361 theswoord the Shooter (level 6, -1/44 HPs)
             Began as a Formicid Hunter on Jan 24, 2023.
             Succumbed to a scorpion's poison
             ... on level 4 of the Dungeon.
             The game lasted 00:03:31 (2758 turns).

theswoord the Shooter (Formicid Hunter)             Turns: 2758, Time: 00:03:32

Health: -1/44      AC:  7    Str: 17    XL:     6   Next: 99%
Magic:  6/6        EV: 10    Int:  9    God:
Gold:   157        SH:  0    Dex: 17    Spells: 5/5 levels left

rFire   . . .      SeeInvis +   a - +0 shortbow
rCold   . . .      Faith    .   (no shield)
rNeg    . . .      Spirit   .   m - +0 scale mail
rPois   .          Reflect  .   (helmet unavailable)
rElec   .          Harm     .   f - +0 cloak
rCorr   .          Rampage  .   (no gloves)
Will    .....                   (no boots)
Stlth   +.........              (no amulet)
HPRegen 0.14/turn               (no ring)
MPRegen 0.10/turn               (no ring)

@: lethally poisoned (-1 -> -9)
A: permanent stasis, dig shafts and tunnels, antennae 3, four strong arms
a: Dig, Shaft Self


You were on level 4 of the Dungeon.
You visited 1 branch of the dungeon, and saw 4 of its levels.

You collected 157 gold pieces.

Inventory:

Hand Weapons
 a - a +0 shortbow (weapon)
 d - a +0 whip
 h - the +3 mace "Daso Ips" {holy, Dex+7}
   (You found it on level 2 of the Dungeon)

   It has been blessed by the Shining One to cause great damage to the undead
   and demons.
   Dex:       It affects your dexterity (+7).
 k - a +0 vampiric hand axe
Armour
 c - a +0 leather armour
 f - a +0 cloak (worn)
 m - a +0 scale mail (worn)
Scrolls
 b - a scroll of immolation
 e - 3 scrolls of teleportation {unknown}
 i - a scroll of identify {unknown}
 j - a scroll of brand weapon {unknown}
Potions
 l - a potion of resistance {unknown}
 n - a potion of lignification {unknown}


   Skills:
 - Level 2.1 Fighting
 + Level 7.8 Ranged Weapons
 - Level 1.7 Dodging
 - Level 1.2 Stealth


You had 5 spell levels left.
You didn't know any spells.
Your spell library was empty.

Dungeon Overview and Level Annotations

Branches:
Dungeon (4/15)
 Temple: D:4-7

Altars:
Hepliaklqana
Trog


Innate Abilities, Weirdness & Mutations

You cannot be hasted, slowed, berserked, paralysed or teleported.
You can dig through walls and to a lower floor.
You have a pair of large antennae on your head. (SInv)
Your four strong arms can wield two-handed weapons with a shield.


Message History

The scorpion is moderately wounded.
You shoot an arrow. The arrow hits the scorpion.
The scorpion is moderately wounded.
The scorpion stings you.
You are poisoned.
The scorpion poisons you!
You shoot an arrow. The arrow barely misses the scorpion.
You feel very sick.
A kobold comes into view. It is wielding a +0 whip.
The scorpion stings you but does no damage.
You shoot an arrow. The arrow barely misses the scorpion.
You feel sick. The scorpion stings you.
You are more poisoned.
The scorpion poisons you! The scorpion closely misses you.
The scorpion stings you.
You are more poisoned.
The scorpion poisons you! The scorpion attacks as you move away!
The scorpion stings you.
* * * LOW HITPOINT WARNING * * *
You feel extremely sick.
* * * LOW HITPOINT WARNING * * *
You feel very sick. The scorpion stings you.
* * * LOW HITPOINT WARNING * * *
The scorpion attacks as you move away!
The scorpion stings you but does no damage.
* * * LOW HITPOINT WARNING * * *
You feel very sick.
* * * LOW HITPOINT WARNING * * *
You feel very sick.
You shoot an arrow. The arrow hits the scorpion.
The scorpion is moderately wounded.
* * * LOW HITPOINT WARNING * * *
You feel very sick.
The scorpion stings you but does no damage.
The scorpion stings you.
* * * LOW HITPOINT WARNING * * *
You shoot an arrow. The arrow hits the scorpion!
The scorpion is severely wounded.
You die...

#.....# ..
#.#####
....#####
#.#
....)...###
#.# #.#..
#.#
#K#.######.#
#s#........#
#s#..#######
#@#..#
#.#..# ##
#.#..# ..#
#.#..# #.#
#.#..#####
#.######
#.#..#...#
#.#....#
#.#..#.#.#
#.#.##.#
#.#..#.#.#
####.#.##.#
#.#..#.#.#


You could see 2 scorpions and a kobold.

Vanquished Creatures
  A scorpion (D:4)
  A howler monkey (D:4)
  An orc priest (D:3)
  A jelly (D:4)
  3 orc wizards (D:3)
  4 adders
  2 worms (D:2)
  3 dart slugs
  11 orcs
  A bat (D:1)
  7 endoplasms
  6 giant cockroaches
  6 goblins
  7 hobgoblins
  7 jackals
  4 kobolds
  2 quokkas
  2 ball pythons
  2 frilled lizards
  6 rats
77 creatures vanquished.

Notes
Turn   | Place    | Note
-------+----------+-------------------------------------------
     0 | D:1      | theswoord the Formicid Hunter began the quest for the Orb.
     0 | D:1      | Reached XP level 1. HP: 16/16 MP: 1/1
    29 | D:1      | Reached XP level 2. HP: 11/22 MP: 2/2
   405 | D:1      | Reached XP level 3. HP: 27/27 MP: 3/3
   464 | D:1      | Found a faded altar of an unknown god.
   529 | D:1      | Reached skill level 5 in Ranged Weapons
   732 | D:2      | Reached XP level 4. HP: 33/33 MP: 4/4
   745 | D:2      | Identified the +3 mace "Daso Ips" {holy, Dex+7}
  1039 | D:3      | Found a bloodstained altar of Trog.
  1131 | D:3      | Reached skill level 6 in Ranged Weapons
  1131 | D:3      | Reached XP level 5. HP: 38/38 MP: 5/5
  1996 | D:3      | Reached XP level 6. HP: 30/44 MP: 6/6
  2095 | D:3      | Found a hazy altar of Hepliaklqana.
  2096 | D:3      | Found a faded altar of an unknown god.
  2154 | D:4      | Reached skill level 7 in Ranged Weapons
  2757 | D:4      | HP: 2/44 [scorpion (3)]
  2758 | D:4      | Succumbed to a scorpion's poison

Skill      XL: |  1  2  3  4  5  6 |
---------------+-------------------+-----
Ranged Weapons | 5 6 7 |  7.8
Fighting       | |  2.1
Dodging        | |  1.7
Stealth        | |  1.2

Action                   |  1- 3 |  4- 6 || total
-------------------------+-------+-------++-------
 Fire: Shortbow          |    78 |   144 ||   222
 Abil: Dig               |     1 |       ||     1
  Use: Potion            |       |     3 ||     3
Armor: Leather armour    |     9 |     5 ||    14
       Scale mail        |       |     7 ||     7
Dodge: Dodged            |    29 |    34 ||    63

Levels and vault maps discovered:
D:1:      dpeg_arrival_solitude, layout_rooms,
          ebering_ecumenical_altar_abandoned
D:2:      layout_rooms
D:3:      layout_loops_ring, beargit_hepliaklqana_dungeon_heroes,
          mainiacjoe_overflow_24_doors
D:4:      layout_basic, kennysheep_vampire_church,
          nicolae_elevator_lobby_asterisk, uniq_natasha
